 Dungeon Crawl Stone Soup version 0.17-a0-1941-gcc30b76 (webtiles) character file.

79 Rationalist the Skirmisher (level 4, -4/37 HPs)
             Began as a Demonspawn Berserker on Sept 30, 2015.
             Was a Believer of Trog.
             Slain by a gnoll
             ... wielding a +0 spear
              (11 damage)
             ... on level 2 of the Dungeon.
             The game lasted 00:02:52 (2558 turns).

Rationalist the Skirmisher (Demonspawn Berserker)   Turns: 2558, Time: 00:02:52

Health: -4/37      AC:  3    Str: 18    XL:     4   Next: 17%
Magic:  4/4        EV: 13    Int:  8    God:    Trog [**....]
Gold:   121        SH:  0    Dex: 13    Spells: 0 memorised, 3 levels left

rFire  . . .     SeeInvis .     a - +0 hand axe
rCold  . . .     Clarity  .     b - +0 animal skin
rNeg   . . .     SustAt   .     (no shield)
rPois  .         Gourm    .     (helmet restricted)
rElec  .         Spirit   .     (no cloak)
rCorr  .         Warding  .     (no gloves)
rMut   .         Stasis   .     (no boots)
MR     ++...                    (no amulet)
Stlth  +.........               (no ring)
                                (no ring)

@: regenerating, very resistant to hostile enchantments, very unstealthy
A: antennae 1, rugged brown scales 1
a: Burn Spellbooks, Berserk, Trog's Hand, Renounce Religion


You were on level 2 of the Dungeon.
You worshipped Trog.
Trog was pleased with you.
You were very hungry.

You visited 1 branch of the dungeon, and saw 2 of its levels.

You collected 121 gold pieces.

Inventory:

Hand weapons
 a - a +0 hand axe (weapon)
Missiles
 d - 20 sling bullets
 m - 26 bolts
Armour
 b - a +0 animal skin (worn)
Jewellery
 t - a +1 ring of protection {unknown}
Scrolls
 e - a scroll of blinking {unknown}
 k - 5 scrolls of identify {unknown}
 n - a scroll of amnesia {unknown}
 o - a scroll of recharging {unknown}
 r - a scroll of enchant weapon {unknown}
Potions
 g - a potion of ambrosia {unknown}
 i - 2 potions of lignification
 j - a potion of curing {unknown}
 l - 2 potions of heal wounds {unknown}
 p - a potion of agility {unknown}
 q - a potion of cure mutation {unknown}
 s - a potion of poison {unknown}
Comestibles
 c - 3 bread rations
 f - a beef jerky
 h - a slice of pizza


   Skills:
 + Level 3.6 Fighting
 + Level 3.0 Axes
 + Level 1.9 Armour
 + Level 3.1 Dodging


You had 3 spell levels left.
You didn't know any spells.

Dungeon Overview and Level Annotations

Branches:
Dungeon (2/15)

Altars:


Innate Abilities, Weirdness & Mutations

You have a pair of small antennae on your head.
You are partially covered in rugged brown scales (AC +1, +3% HP).


Message History

Your skin crawls.
You feel resistant to hostile enchantments.
You feel slightly more hungry. The gnoll hits you! The gnoll misses you.
You hit the gnoll but do no damage.
The gnoll is heavily wounded.
The gnoll barely misses you. x2
You hit the gnoll.
The gnoll is severely wounded.
The gnoll closely misses you.
The gnoll hits you from afar with a spear.
The gnoll closely misses you.
You barely miss the gnoll.
The gnoll is severely wounded.
The gnoll hits you from afar with a spear.
The gnoll hits you.
* * * LOW HITPOINT WARNING * * *
You closely miss the gnoll.
The gnoll is severely wounded.
The gnoll hits you from afar with a spear!
You die...

##.# ...# ## #.#.
..## #. ... . #.#
#. #.# .. # #
##.###.# ... #.#
#......# .?.. #.#
#......# {.....
...
#......##g...!.
..#
#......@ggg....
..#
####.....#########
(.#
.........######
###
......#.......#
......#.......#
#####.#.......#
##.#.......#
#..........#
#........).#


You could see 3 gnolls and a hobgoblin.

Vanquished Creatures
  Terence (D:2)
  An adder (D:2)
  An ooze (D:1)
  A worm (D:1)
  A giant gecko (D:1)
  2 ball pythons (D:1)
  2 goblins (D:1)
  6 hobgoblins (D:1)
  5 kobolds
  8 bats
  3 giant cockroaches (D:1)
  A giant newt (D:2)
  2 rats (D:1)
34 creatures vanquished.

Notes
Turn   | Place    | Note
--------------------------------------------------------------
     0 | D:1      | Rationalist the Demonspawn Berserker began the quest for the Orb.
     0 | D:1      | Reached XP level 1. HP: 18/18 MP: 1/1
    95 | D:1      | Gained mutation: You are partially covered in rugged brown scales (AC +1, +3% HP). [demonic ancestry]
    95 | D:1      | Reached XP level 2. HP: 5/24 MP: 2/2
  1020 | D:1      | Reached XP level 3. HP: 21/29 MP: 3/3
  1102 | D:1      | Acquired Trog's second power
  2061 | D:2      | Noticed Terence
  2082 | D:2      | Killed Terence
  2082 | D:2      | Gained mutation: You have a pair of small antennae on your head. [demonic ancestry]
  2082 | D:2      | Reached XP level 4. HP: 7/37 MP: 4/4
  2558 | D:2      | Slain by a gnoll

Vault maps used:
D:1:      lightli_arrival_lavapool
D:2:      uniq_terence

Action                   |  1- 3 |  4- 6 || total
-------------------------+-------+-------++-------
Melee: Hand axe          |   137 |     7 ||   144
Invok: Berserk           |     1 |       ||     1
       Trog's Hand       |       |     1 ||     1
  Use: Potion            |     2 |       ||     2
 Stab: Sleeping          |     1 |       ||     1
  Eat: Chunk             |     4 |     1 ||     5
